 Dungeon Crawl Stone Soup version 0.28.0-53-g5a82cb258f (webtiles) character file.

Game seed: 15358761973658529430

3577 Ashen the Ogre Mage (level 10, -6/98 HPs)
             Began as an Ogre Hedge Wizard on June 17, 2022.
             Was a Follower of Vehumet.
             Mangled by a shadow (22 damage)
             ... on level 9 of the Dungeon.
             The game lasted 00:29:06 (14730 turns).

Ashen the Ogre Mage (Ogre Hedge Wizard)            Turns: 14730, Time: 00:29:07

Health: -6/98      AC:  8    Str: 16    XL:     10   Next: 10%
Magic:  13/22      EV: 10    Int: 19    God:    Vehumet [*.....]
Gold:   256        SH:  0    Dex:  8    Spells: 16/25 levels left

rFire   . . .      SeeInvis .   r - +0 whip (flame)
rCold   . . .      Faith    .   (no shield)
rNeg    . . .      Spirit   .   h - +0 troll leather armour
rPois   .          Reflect  .   y - +2 hat
rElec   .          Harm     .   s - +0 cloak
rCorr   .          Rampage  .   (gloves unavailable)
Will    +....                   (boots unavailable)
Stlth   ++........              (no amulet)
HPRegen 1.06/turn               (no ring)
MPRegen 0.18/turn               (no ring)

@: on blink cooldown
A: large, unfitting armour, tough skin 1
a: Renounce Religion


You were on level 9 of the Dungeon.
You worshipped Vehumet.
Vehumet was aware of your devotion.
You visited 2 branches of the dungeon, and saw 11 of its levels.
You also visited: Sewer.

You collected 408 gold pieces.
You spent 152 gold pieces at shops.

Inventory:

Hand Weapons
 k - a +0 dagger of venom
 o - a +2 mace of venom
 r - a +0 whip of flaming (weapon)
 B - a +1 giant spiked club
Missiles
 d - 2 throwing nets
Armour
 h - a +0 troll leather armour (worn)
 s - a +0 cloak (worn)
 v - a +1 robe of willpower
 y - a +2 hat (worn)
Jewellery
 q - a ring of protection from fire
 A - a ring of resist corrosion
Wands
 a - a wand of iceblast (7)
 w - a wand of flame (12)
Scrolls
 b - a scroll of teleportation
 l - a scroll of immolation
 x - a scroll of holy word
 z - a scroll of summoning
 D - a scroll of fear
Potions
 e - a potion of brilliance
 f - a potion of invisibility
 g - 2 potions of attraction
 i - a potion of berserk rage {unknown}
 j - a potion of magic {unknown}
 m - a potion of flight {unknown}
 n - a potion of resistance {unknown}
 t - a potion of haste {unknown}


   Skills:
 + Level 6.2 Fighting
 - Level 1.0 Short Blades
 + Level 3.8 Maces & Flails
 + Level 4.7 Dodging
 - Level 3.0 Stealth
 * Level 8.4 Spellcasting
 + Level 4.4 Conjurations
 - Level 3.0 Summonings
 - Level 3.0 Translocations
 - Level 3.0 Air Magic
 - Level 3.0 Poison Magic


You had 16 spell levels left.
You knew the following spells:

 Your Spells              Type           Power      Damage    Failure   Level
a - Magic Dart            Conj           96%        1d7       1%          1
b - Blink                 Tloc           38%        N/A       4%          2
c - Call Imp              Summ           19%        N/A       4%          2
d - Mephitic Cloud        Conj/Pois/Air  21%        N/A       8%          3
e - Freeze                Ice            32%        1d5       11%         1

Your spell library contained the following spells:

 Spells                   Type           Power      Damage    Failure   Level
 Lesser Beckoning         Tloc           19%        N/A       10%         3
 Slow                     Hex            32%        N/A       11%         1
 Conjure Flame            Conj/Fire      16%        6-21      13%         3
 Manifold Assault         Tloc           19%        N/A       65%         5


Dungeon Overview and Level Annotations

Branches:
Dungeon (10/15)            Temple (1/1) D:4           Sewer (visited)
   Lair: D:8-11         Orc: D:9-12

Altars:
Ashenzari
Cheibriados
Fedhas
Gozag
Hepliaklqana
Kikubaaqudgha
Makhleb
Qazlal
Ru
Trog
Vehumet
Xom
Yredelemnul
Zin
Lugonu

Shops:
D:2 =   D:5 [

Annotations:
D:5 2 transporters, NoAnimeNoLife's ghost, novice MfIE
D:10 exclusion: orange crystal statue, Psyche


Innate Abilities, Weirdness & Mutations

You are too large for most types of armour.
You have tough skin. (AC +1)


Message History

The shadow strikes at your iron imp from the darkness!
Reactivating autopickup.
The shadow hits your iron imp.
Your iron imp dies!
Your iron imp disappears in a puff of smoke!
Casting: Call Imp (safe; 4% risk of failure)
Confirm with . or Enter, or press ? or * to list all spells.
A beastly little devil appears in a puff of flame.
The shadow slips into darkness.
The shadow flickers and vanishes!
Deactivating autopickup; reactivate with Ctrl-A.
The shadow strikes at you from the darkness!
* * * LOW HITPOINT WARNING * * *
Reactivating autopickup.
Your crimson imp hits the shadow but does no damage.
Casting: Call Imp (safe; 4% risk of failure)
Confirm with . or Enter, or press ? or * to list all spells.
You blink.
Your crimson imp hits the shadow but does no damage.
Casting: Blink (safe; 4% risk of failure)
Confirm with . or Enter, or press ? or * to list all spells.
Aiming: Magic Dart (safe; 1% risk of failure)
Press: ? - help, Shift-Dir - straight line, f/p - shadow
Aim: a shadow (translocational energy, severely damaged, ally target, 100% to hit)
The magic dart hits the shadow but does no damage.
The shadow is severely damaged.
The shadow slips into darkness.
The shadow flickers and vanishes!
Deactivating autopickup; reactivate with Ctrl-A.
Casting: Magic Dart (safe; 1% risk of failure)
Confirm with . or Enter, or press ? or * to list all spells.
Aiming: Magic Dart (safe; 1% risk of failure)
Press: ? - help, Shift-Dir - straight line The magic dart hits something but does no damage.
You feel stable enough to blink again.
Casting: Magic Dart (safe; 1% risk of failure)
Confirm with . or Enter, or press ? or * to list all spells.
You blink.
The shadow strikes at you from the darkness!
You die...

....#..{....# ...'.......#
..#.......# #.# ......#
##'###.....# #....#.....#
#ยง...'.....# #.{..#.....#
#@...#.....# #...5#.....#
########.......# ..#....#
#........####### ..#....#
#........# ..#....#
#........# ..#....#
#.......5# ..#....#
#........#
..#....#####........######


You could see a friendly crimson imp (summoned).

Vanquished Creatures
  Pikel (D:4)
  Menkaure (D:6)
  3 ice beasts
  2 orc warriors
  A black bear (D:7)
  2 ogres
  A necrophage (D:7)
  A lemure (D:4)
  3 bullfrogs
  3 scorpions
  A water moccasin skeleton (D:5)
  5 killer bees (D:10)
  A centaur zombie (D:9)
  4 orc priests (D:5)
  5 hounds
  A jelly (D:6)
  A gnoll shaman (D:7)
  Jessica (D:3)
  6 iguanas
  3 orc wizards
  3 hound skeletons
  A howler monkey zombie (D:6)
  A howler monkey skeleton (D:7)
  11 adders
  A shadow imp (D:7)
  2 white imps
  An adder skeleton (D:4)
  A worm (D:5)
  6 dart slugs
  14 orcs
  13 ball pythons
  7 endoplasms
  10 giant cockroaches
  5 goblins
  8 hobgoblins
  6 jackals
  9 quokkas
  4 bats
  8 frilled lizards
  8 kobolds
  3 rats
  A spectral hobgoblin (D:5)
169 creatures vanquished.

Vanquished Creatures (collateral kills)
  A troll (D:9)
  2 water moccasins (D:7)
  An ogre (D:4)
  A necrophage (D:6)
5 creatures vanquished.

Vanquished Creatures (others)
  A killer bee (D:10)
  11 plants (D:4)
12 creatures vanquished.

Grand Total: 186 creatures vanquished

Notes
Turn   | Place    | Note
-------+----------+-------------------------------------------
     0 | D:1      | Ashen the Ogre Hedge Wizard began the quest for the Orb.
     0 | D:1      | Reached XP level 1. HP: 16/16 MP: 5/5
   219 | D:1      | Reached skill level 1 in Conjurations
   219 | D:1      | Reached skill level 1 in Summonings
   219 | D:1      | Reached skill level 1 in Translocations
   285 | D:1      | Reached XP level 2. HP: 26/26 MP: 2/6
  1019 | D:1      | Reached skill level 1 in Fighting
  1039 | D:1      | Reached skill level 4 in Spellcasting
  1102 | D:1      | Reached XP level 3. HP: 33/33 MP: 5/8
  1711 | D:2      | Found a basalt altar of Yredelemnul.
  1726 | D:2      | Found a faded altar of an unknown god.
  1948 | D:2      | Found Awkutan's Jewellery Emporium.
  3128 | D:3      | Noticed Jessica
  3133 | D:3      | Learned a level 2 spell: Blink
  3136 | D:3      | Learned a level 2 spell: Call Imp
  3140 | D:3      | Learned a level 3 spell: Mephitic Cloud
  3152 | D:3      | Killed Jessica
  3153 | D:3      | Reached XP level 4. HP: 31/41 MP: 7/10
  3739 | D:3      | Found an opulent altar of Gozag.
  3888 | D:4      | Found a staircase to the Ecumenical Temple.
  3901 | Temple   | Entered the Ecumenical Temple
  4017 | D:4      | Reached XP level 5. HP: 31/49 MP: 5/11
  4175 | D:4      | Reached skill level 1 in Short Blades
  4288 | D:4      | Noticed an ogre
  4299 | D:4      | Killed an ogre
  4300 | D:4      | Reached XP level 6. HP: 57/57 MP: 1/13
  4527 | D:4      | Found a blossoming altar of Fedhas.
  4766 | D:4      | Found a radiant altar of Vehumet.
  4771 | D:4      | Became a worshipper of Vehumet
  5059 | D:4      | Reached skill level 5 in Spellcasting
  5102 | D:4      | Noticed Pikel
  5147 | D:4      | Killed Pikel
  5148 | D:4      | Reached skill level 1 in Maces & Flails
  5148 | D:4      | Reached skill level 1 in Air Magic
  5148 | D:4      | Reached skill level 1 in Poison Magic
  5148 | D:4      | Reached XP level 7. HP: 50/67 MP: 5/15
  5148 | D:4      | Reached XP level 8. HP: 57/75 MP: 5/16
  5779 | D:5      | Entered Level 5 of the Dungeon
  6423 | D:5      | Reached skill level 6 in Spellcasting
  7572 | D:5      | Found Juoqih's Armour Emporium.
  7695 | D:5      | Found a bloodstained altar of Trog.
  7711 | D:5      | Found a transporter.
  7715 | D:5      | Found a transporter.
  7716 | D:5      | Noticed NoAnimeNoLife's ghost (novice MfIE)
  7856 | D:5      | Bought a +1 robe of willpower for 152 gold pieces
  8047 | D:5      | Found a hazy altar of Hepliaklqana.
  8397 | D:6      | Reached XP level 9. HP: 84/84 MP: 9/18
  8424 | D:6      | Reached * piety under Vehumet
  8424 | D:6      | Offered knowledge of Freeze by Vehumet.
  8436 | D:6      | Learned a level 1 spell: Freeze
  8537 | D:6      | Found a glowing drain.
  8557 | Sewer    | Entered a sewer
 10210 | D:6      | Reached skill level 7 in Spellcasting
 10452 | D:6      | Noticed Menkaure
 10970 | D:6      | HP: 2/87 [Menkaure (19)]
 10988 | D:6      | Killed Menkaure
 11720 | D:7      | Reached skill level 5 in Fighting
 13167 | D:7      | Found a broken altar of Ashenzari.
 13452 | D:8      | You fall into a shaft and drop 2 floors!
 13452 | D:10     | Entered Level 10 of the Dungeon
 13477 | D:10     | Reached skill level 8 in Spellcasting
 13822 | D:10     | Noticed an orange crystal statue
 13822 | D:10     | Noticed Psyche
 13825 | D:10     | Noticed a hornet
 14202 | D:9      | Noticed a troll
 14237 | D:9      | Killed a troll
 14238 | D:9      | Reached XP level 10. HP: 20/98 MP: 9/22
 14730 | D:9      | Mangled by a shadow

Illustrated notes

Levels and vault maps discovered:
D:1:      matt_arrival_spirals, layout_basic, minmay_misc_feat_encased,
          minmay_misc_feat_hallway
D:2:      layout_basic, serial_shops,
          nicolae_shop_temple_entry_statues_fountains, basic_altar,
          chequers_ecumenical_altar_simple_redux
D:3:      layout_basic, nicolae_gozag_cash_rules_everything_around_me,
          uniq_jessica
D:4:      layout_layer_cave, mainiacjoe_overflow_large_starburst,
          temple_fountains, kennysheep_decorative_pillar,
          guppyfry_early_lair_pool, uniq_pikel
D:5:      layout_layer_cave, nicolae_hepliaklqana_monster_ancestors,
          bloody_trog, gammafunk_ghost_arena, minmay_misc_feat_more_columns,
          nicolae_inconvenience_store
D:6:      layout_basic, portal_sewer_entry_d, uniq_menkaure
D:7:      black_bear_nest_2, layout_loops_ring, marbit_many_paths,
          minmay_checkerbox
D:8:      layout_rooms, okawaru_gym_becter,
          nicolae_overflow_hallway_of_the_gods, minmay_fire_ice_demons
D:9:      layout_gridville, dpeg_lair_monsters, st_stairs_2
D:10:     layout_loops_ring, nemelex_diamond_rough_becter, serial_shops, shop,
          disabler_island, uniq_psyche
Temple:   corrupted_temple

Skill      XL: |  1  2  3  4  5  6  7  8  9 |
---------------+----------------------------+-----
Conjurations   | 1 2 3 4 |  4.4
Summonings     | 1 2 3 |  3.0
Translocations | 1 2 3 |  3.0
Dodging        | 2 3 4 |  4.7
Fighting       | 1 2 3 4 6 |  6.2
Spellcasting   | 4 5 6 8 |  8.4
Stealth        | 2 3 |  3.0
Short Blades   | 1 |  1.0
Maces & Flails | 1 2 3 |  3.8
Air Magic      | 1 2 3 |  3.0
Poison Magic   | 1 2 3 |  3.0

Action                   |  1- 3 |  4- 6 |  7- 9 | 10-12 || total
-------------------------+-------+-------+-------+-------++-------
Melee: Whip              |    27 |       |     4 |    37 ||    68
       Punch             |     1 |     1 |     4 |       ||     6
       Dagger            |       |    78 |   245 |     5 ||   328
       Giant club        |       |    13 |       |       ||    13
 Cast: Magic Dart        |   102 |    85 |   272 |     8 ||   467
       Mephitic Cloud    |     1 |     5 |    22 |       ||    28
       Call Imp          |       |     1 |    26 |     8 ||    35
       Blink             |       |       |    11 |     3 ||    14
Evoke: Wand              |       |       |     2 |       ||     2
  Use: Scroll            |     4 |     1 |    12 |     4 ||    21
       Potion            |       |       |     3 |       ||     3
 Stab: Confused          |       |     2 |     5 |       ||     7
       Distracted        |       |     1 |       |       ||     1
       Sleeping          |       |       |     2 |       ||     2
Armor: Robe              |    12 |    29 |    78 |       ||   119
       Troll leather arm |       |       |       |    22 ||    22
Dodge: Dodged            |    22 |    51 |   131 |    17 ||   221
